 Dungeon Crawl Stone Soup version 0.14-a0-2950-gbe29d66 (webtiles) character file.

10862 JEFFREY the Slinger (level 11, -3/77 HPs)
             Began as a Halfling Hunter on Mar 1, 2014.
             Was a High Priest of Okawaru.
             Slain by a five-headed hydra (14 damage)
             ... on Level 12 of the Dungeon on Mar 4, 2014.
             The game lasted 01:33:32 (10090 turns).

JEFFREY the Slinger (Halfling Hunter)              Turns: 10090, Time: 01:33:32

HP  -3/77        AC  7     Str  9      XL: 11   Next: 90%
MP  17/17        EV 22     Int 11      God: Okawaru [*****.]
Gold 563         SH 27     Dex 25      Spells:  0 memorised, 13 levels left

rFire  . . .     SeeInvis +     b - +2,+4 sling
rCold  . . .     Clarity  .     K - +1 troll leather armour {Purgy}
rNeg   . . .     Conserve .     t - +2 shield
rPois  .         rCorr    .     A - +1 helmet
rElec  .         rRot     .     (no cloak)
SustAb . .       Spirit   .     (no gloves)
rMut   .         Warding  .     (no boots)
Saprov . . .     Stasis   .     (no amulet)
MR     .....                    k - ring of see invisible
                                y - +4 ring of dexterity

@: flying, not resistant to hostile enchantments, stealthy
A: mutation resistance 1, slow metabolism 1
a: Heroism, Finesse, Renounce Religion


You were on level 12 of the Dungeon.
You worshipped Okawaru.
Okawaru was extremely pleased with you.
You were not hungry.

You visited 1 branch of the dungeon, and saw 12 of its levels.
You also visited: Sewer.

You collected 563 gold pieces.

Inventory:

Hand weapons
 b - a +2,+4 sling (weapon)
 x - a +2,+3 dagger
 C - a +0,+2 dagger of venom
Missiles
 c - 32 silver sling bullets
 q - 3 stones (quivered)
 r - 32 sling bullets of flame
 s - 27 sling bullets
 v - 16 poisoned sling bullets
 G - 36 sling bullets of frost
Armour
 t - a +2 shield (worn)
 A - a +1 helmet (worn)
 K - a +1 troll leather armour (worn) {Purgy}
Magical devices
 l - a wand of slowing (4)
 n - a wand of draining (2)
 I - a wand of paralysis (12)
Comestibles
 a - 4 royal jellies
 f - 4 bread rations
 E - 3 meat rations
Scrolls
 e - 5 scrolls of identify
 m - 2 scrolls of recharging
 p - 2 scrolls of remove curse
 F - a scroll of teleportation
 H - a scroll of magic mapping
 L - a scroll of immolation
Jewellery
 d - an uncursed ring of invisibility
 g - an uncursed ring of wizardry
 j - a +2 ring of evasion
 k - a ring of see invisible (right hand)
 w - an uncursed ring of protection from fire
 y - a +4 ring of dexterity (left hand)
 B - an uncursed ring of poison resistance
Potions
 i - 12 potions of curing
 u - a potion of restore abilities
 z - 3 potions of brilliance
 N - a potion of might
Books
 o - a book of the Warp

   Spells                             Type                      Level
   Control Teleport                   Charms/Translocation         4
   Phase Shift                        Translocation                5
   Warp Weapon                        Charms/Translocation         5
   Summon Forest                      Summoning/Translocation      5
   Dispersal                          Translocation                6
   Controlled Blink                   Translocation                7
   Disjunction                        Translocation                8


   Skills:
 + Level 7.9 Fighting
 - Level 3.2 Short Blades
 + Level 13.4 Slings
 + Level 10.1 Dodging
 - Level 2.1 Stealth
 + Level 9.2 Shields
 - Level 1.5 Spellcasting
 + Level 3.1 Invocations
 + Level 3.2 Evocations


You had 13 spell levels left.
You didn't know any spells.

Dungeon Overview and Level Annotations

Branches:
Dungeon (12/16)            Temple (0/1) D:4            Lair (0/8) D:11
    Orc: D:9-12

Altars:
Okawaru
Vehumet
Xom
The Shining One

Shops:
D:4 (


Innate Abilities, Weirdness & Mutations

You are small and have problems with some larger weapons.
You are somewhat resistant to further mutation.
You have a slow metabolism.


Message History

You block the hill giant's attack. The warg misses you.
The warg closely misses you. The warg completely misses you.
The hill giant shouts!
The five-headed hydra bites you.
* * * LOW HITPOINT WARNING * * *
The five-headed hydra completely misses you.
You block the five-headed hydra's attack.
The five-headed hydra bites you but does no damage.
The five-headed hydra completely misses you.
You block the warg's attack. The warg misses you. The warg closely misses you.
The hill giant completely misses you. You block the warg's attack.
The warg claws you but does no damage.
The five-headed hydra bites you but does no damage.
The five-headed hydra misses you.
You block the five-headed hydra's attack.
The five-headed hydra bites you.
* * * LOW HITPOINT WARNING * * *
The five-headed hydra bites you!
You die...

##
#############..###
#........<........
#.......(.........
##..?C@..........
#.....Dh..5......
#..#.....P.......
#. #####........
###..C.. #..# #.


You could see a five-headed hydra, 2 hill giants, a warg and a crimson imp.

Vanquished Creatures
  An unseen horror (D:11)
  2 hill giants
  2 trolls
  A queen bee (D:10)
  A slime creature (D:11)
  A shark (D:9)
  A hippogriff (D:11)
  5 yaks (D:11)
  Edmund (D:6)
  A necrophage (D:6)
  A yellow wasp (D:9)
  Purgy (Sewer)
  3 orc warriors
  5 sky beasts
  4 ice beasts
  4 centaurs
  7 ogres
  Duvessa (D:4)
  10 giant frogs
  A gnoll sergeant (D:10)
  A water moccasin (D:6)
  A yak zombie (D:11)
  4 wights (D:8)
  31 killer bees
  2 electric eels (D:9)
  A yak skeleton (D:9)
  Dowan (D:4)
  4 crimson imps
  A giant frog zombie (D:10)
  A big fish (D:9)
  4 orc priests
  3 gnoll shamans (D:5)
  An iguana (D:10)
  3 scorpions
  6 hounds
  A centaur zombie (D:10)
  2 jellies (D:6)
  A centaur skeleton (D:4)
  10 orc wizards
  7 worker ants
  Jessica (D:2)
  An ogre zombie (D:9)
  A hound skeleton (D:5)
  A mottled dragon skeleton (D:10)
  38 gnolls
  10 adders
  2 giant mites
  2 inept feature mimics
  5 worms
  An adder zombie (D:9)
  3 giant eyeballs
  9 giant geckos
  3 oozes (D:3)
  43 orcs
  A bat zombie (D:8)
  6 giant cockroaches
  10 goblins
  9 hobgoblins
  9 quokkas
  A ball python (Sewer)
  14 bats
  7 giant newts
  A giant spore (D:8)
  A goblin zombie (D:5)
  A hobgoblin skeleton (D:7)
  31 jackals
  A jackal skeleton (D:5)
  10 kobolds
  2 quokka skeletons
  16 rats
  A rat skeleton (D:5)
  4 ballistomycetes (D:8)
383 creatures vanquished.

Vanquished Creatures (others)
  A goliath beetle (D:6)
  An orc (D:5)
  A hobgoblin (D:5)
  2 giant spores (D:8)
  A ballistomycete (D:8)
  A butterfly (D:4)
7 creatures vanquished.

Grand Total: 390 creatures vanquished

Notes
Turn   | Place    | Note
--------------------------------------------------------------
     0 | D:1      | JEFFREY, the Halfling Hunter, began the quest for the Orb.
     0 | D:1      | Reached XP level 1. HP: 12/12 MP: 1/1
   130 | D:1      | Reached skill level 6 in Slings
   332 | D:1      | Reached XP level 2. HP: 18/18 MP: 2/2
   768 | D:2      | Reached skill level 1 in Fighting
   818 | D:2      | Reached XP level 3. HP: 23/23 MP: 3/3
   905 | D:2      | Found an iron altar of Okawaru.
   919 | D:2      | Became a worshipper of Warmaster Okawaru
  1111 | D:2      | Noticed Jessica
  1118 | D:2      | Killed Jessica
  1118 | D:2      | Reached skill level 1 in Short Blades
  1118 | D:2      | Reached XP level 4. HP: 28/28 MP: 4/4
  1394 | D:3      | Reached skill level 1 in Shields
  1417 | D:3      | Reached skill level 7 in Slings
  1446 | D:3      | Reached XP level 5. HP: 32/34 MP: 5/5
  2084 | D:3      | Acquired Okawaru's first power
  2084 | D:3      | Reached XP level 6. HP: 32/39 MP: 6/6
  2205 | D:4      | Found Yxowaiqi's Antique Weapon Boutique.
  2340 | D:4      | Noticed Duvessa
  2350 | D:4      | Killed Duvessa
  2358 | D:4      | Reached skill level 8 in Slings
  2358 | D:4      | Reached XP level 7. HP: 38/45 MP: 7/7
  2439 | D:4      | Noticed Dowan
  2445 | D:4      | Killed Dowan
  2754 | D:4      | Found a staircase to the Ecumenical Temple.
  2881 | D:5      | Entered Level 5 of the Dungeon
  3036 | D:5      | Reached XP level 8. HP: 52/52 MP: 8/8
  3156 | D:5      | Reached skill level 5 in Dodging
  3272 | D:5      | Reached skill level 9 in Slings
  4022 | D:5      | HP: 2/54 [gnoll/spear (8)]
  4123 | D:5      | Received a gift from Okawaru
  4163 | D:5      | Reached skill level 5 in Shields
  4226 | D:5      | Reached XP level 9. HP: 38/59 MP: 9/9
  4256 | D:5      | Reached skill level 10 in Slings
  4626 | D:6      | Reached skill level 5 in Fighting
  4741 | D:6      | Found a radiant altar of Vehumet.
  4747 | D:6      | Found a glowing golden altar of the Shining One.
  4747 | D:6      | Found a shimmering altar of Xom.
  4942 | D:6      | Noticed Edmund
  4956 | D:6      | Killed Edmund
  5234 | D:6      | Found a staircase to the Ecumenical Temple.
  5239 | D:6      | the staircase to the Ecumenical Temple was a mimic.
  5372 | D:6      | Found a glowing drain.
  5380 | Sewer    | Entered a sewer
  5431 | Sewer    | Noticed Purgy
  5448 | Sewer    | Killed Purgy
  6072 | D:8      | Reached skill level 11 in Slings
  6240 | D:8      | Received a gift from Okawaru
  6599 | D:8      | Reached XP level 10. HP: 60/68 MP: 10/10
  7134 | D:9      | Upgraded the game from 0.14-a0-2888-g61d0ccb to 0.14-a0-2910-g8a9724b
  7390 | D:9      | Noticed a hill giant
  7398 | D:9      | Killed a hill giant
  7398 | D:9      | Reached skill level 12 in Slings
  7448 | D:9      | Received a gift from Okawaru
  7846 | D:9      | Acquired Okawaru's second power
  8107 | D:10     | Entered Level 10 of the Dungeon
  8143 | D:10     | Received a gift from Okawaru
  8280 | D:10     | Reached skill level 1 in Spellcasting
  8288 | D:10     | Reached XP level 11. HP: 73/75 MP: 12/14
  8328 | D:10     | Received a gift from Okawaru
  8700 | D:10     | Received a gift from Okawaru
  8772 | D:10     | Reached skill level 1 in Invocations
  8927 | D:10     | Reached skill level 13 in Slings
  9043 | D:11     | Noticed an unseen horror
  9071 | D:11     | Killed an unseen horror
  9071 | D:11     | Received a gift from Okawaru
  9071 | D:11     | Reached skill level 1 in Evocations
  9296 | D:11     | Found a staircase to the Lair.
  9555 | D:11     | Received a gift from Okawaru
  9773 | D:11     | Reached skill level 10 in Dodging
  9899 | D:11     | Noticed a hill giant
  9921 | D:11     | Killed a hill giant
  9921 | D:11     | Received a gift from Okawaru
 10074 | D:12     | Noticed a hill giant
 10075 | D:12     | Upgraded the game from 0.14-a0-2910-g8a9724b to 0.14-a0-2950-gbe29d66
 10080 | D:12     | Noticed a five-headed hydra
 10086 | D:12     | Noticed a hill giant
 10090 | D:12     | Slain by a five-headed hydra

Action                   |  1- 3 |  4- 6 |  7- 9 | 10-12 || total
-------------------------+-------+-------+-------+-------++-------
Melee: Dagger            |       |       |   202 |   425 ||   627
 Fire: Sling             |    53 |   183 |   526 |   413 ||  1175
Throw: Stone             |       |       |     1 |       ||     1
Invok: Heroism           |       |       |     1 |     3 ||     4
Evoke: Wand              |       |       |     8 |     3 ||    11
  Use: Scroll            |     1 |     7 |     8 |     6 ||    22
       Potion            |       |     1 |     8 |     5 ||    14
 Stab: Sleeping          |       |       |       |     6 ||     6
